Selects Airborne Battlegroup
Selects Heavy Machine Gun Paradrop
Heavy Machine Gun Paradrop
Construct Medical Station
Selects Paratrooper Squad Paradrop
Paratrooper Squad Paradrop
Heavy Machine Gun Paradrop
Selects Anti-tank Gun Team Paradrop
Anti-tank Gun Team Paradrop
Paratrooper Squad Paradrop
Selects Smoke Bombing Run
Selects Paradrop Reinforcements
Heavy Machine Gun Paradrop
M18 Hellcat Tank Destroyer
Construct Weapon Support Center
M3 Armored Personnel Carrier
Paratrooper Squad Paradrop